 Dungeon Crawl Stone Soup version 0.15.1-3-g1b33baa (webtiles) character file.

45 Kex the Covered (level 3, -2/23 HPs)
             Began as a Gargoyle Fighter on Oct 7, 2014.
             Killed from afar by Sigmund (10 damage)
             ... with a puff of flame
             ... on Level 3 of the Dungeon.
             The game lasted 00:05:47 (1642 turns).

Kex the Covered (Gargoyle Fighter)                  Turns: 1642, Time: 00:05:47

HP  -2/23        AC 10     Str 24      XL: 3   Next: 64%
MP   3/3         EV  5     Int 13      God:
Gold 170         SH 14     Dex 12      Spells:  0 memorised,  2 levels left

rFire  . . .     SeeInvis .     a - +0 flail
rCold  . . .     Clarity  .     b - +0 scale mail
rNeg   + . .     rCorr    .     o - +0 large shield
rPois  +         rRot     +     (no helmet)
rElec  +         Spirit   .     (no cloak)
SustAb .         Warding  .     (no gloves)
rMut   .         Stasis   .     (no boots)
Gourm  .                        (no amulet)
MR     .....                    (no ring)
                                (no ring)

@: mighty, brilliant, very slightly contaminated, hasted, very quick, not
resistant to hostile enchantments, extremely unstealthy
A: talons 1, thin skeletal structure 1, negative energy resistance 1,
electricity resistance, unbreathing, petrification resistance, rot immunity, AC
+3
a: no special abilities


You were on level 3 of the Dungeon.
You were hungry.

You visited 1 branch of the dungeon, and saw 3 of its levels.

You collected 170 gold pieces.

Inventory:

Hand weapons
 a - a +0 flail (weapon)
Armour
 b - a +0 scale mail (worn)
 o - a +0 large shield (worn)
Comestibles
 d - 2 bread rations
 i - a royal jelly
 j - a meat ration
 q - a slice of pizza
 s - a rotting chunk of hobgoblin flesh
Scrolls
 g - 2 scrolls of fog {unknown}
 h - 3 scrolls of remove curse {unknown}
 k - a scroll of teleportation {unknown}
 n - a scroll of immolation {unknown}
 p - a scroll of magic mapping {unknown}
Potions
 e - a potion of might
 m - a potion of haste


   Skills:
 + Level 3.5 Fighting
 + Level 2.3 Maces & Flails
 + Level 3.7 Armour
 + Level 1.2 Dodging
 + Level 3.6 Shields


You had 2 spell levels left.
You didn't know any spells.

Dungeon Overview and Level Annotations

Branches:
Dungeon (3/15)

Altars:

Annotations:
D:3 Sigmund


Innate Abilities, Weirdness & Mutations

You are resistant to torment.
You are immune to poison.
Your stone body is very resilient (AC +3).
You resist negative energy.
You are resistant to electric shocks.
You can survive without breathing.
You are immune to petrification.
You are immune to rotting.
You have sharp toenails.
You have a somewhat thin skeletal structure (Dex +2, Stealth).


Message History

Drink which item? (? for menu, Esc to quit)
You feel clever all of a sudden.
It was a potion of brilliance.
Something hits you but does no damage.
Drink which item? (? for menu, Esc to quit)
You feel very mighty all of a sudden.
The kobold zombie hits you but does no damage.
Something hits you.
Ouch! You feel less confused. You block the kobold zombie's attack.
Your shield prevents you from hitting the kobold zombie.
Your kick misses the kobold zombie. You block its attack.
You sock the kobold zombie!
You destroy the kobold zombie!
The magic dart hits you! The puff of flame hits you! The magic dart hits you!
You hear some strange, mumbled words.
The puff of flame hits you!
You die...

..............##
#..............####
.#####..................
........................
.......Z.........%.......
#...##..............
#...##........<.......
#.# #..###..........<. #
# #@## #########.###
#.###. ##.# #.#
......##..# #.#
..........## #.#
#.........# #.#
....#####.### #.# #...##
#.# ###..###### #.#
##.(....## #.#


There were no monsters in sight!

Vanquished Creatures
  2 oozes
  5 giant cockroaches
  4 goblins
  5 hobgoblins
  5 jackals (D:1)
  8 bats
  A giant newt (D:1)
  2 kobolds (D:2)
  A kobold zombie (D:3)
  2 quokkas
  5 rats
40 creatures vanquished.

Notes
Turn   | Place    | Note
--------------------------------------------------------------
     0 | D:1      | Kex, the Gargoyle Fighter, began the quest for the Orb.
     0 | D:1      | Reached XP level 1. HP: 14/14 MP: 1/1
    81 | D:1      | Reached XP level 2. HP: 9/19 MP: 2/2
   769 | D:1      | Reached XP level 3. HP: 23/23 MP: 3/3
   904 | D:2      | Reached skill level 1 in Dodging
  1611 | D:3      | Noticed Sigmund
  1626 | D:3      | Gained mutation: You have sharp toenails. [potion of mutation]
  1626 | D:3      | Gained mutation: You have a somewhat thin skeletal structure (Dex +2, Stealth). [potion of mutation]
  1642 | D:3      | Killed from afar by Sigmund

Action                   || total
-------------------------++-------
Melee: Flail             ||   146
  Use: Potion            ||     6
  Eat: Chunk             ||     2
